 Dungeon Crawl Stone Soup version 0.29.1-13-g9f3cf754e1 (webtiles) character file.

Game seed: 5496584237260010427

1388 Kangaroobicon the Ruffian (level 8, -3/78 HPs)
             Began as a Troll Berserker on Jan 29, 2023.
             Was an Elder of Trog.
             Shot with an arrow by a centaur (15 damage)
             ... on level 7 of the Dungeon.
             The game lasted 00:36:25 (3662 turns).

Kangaroobicon the Ruffian (Troll Berserker)         Turns: 3662, Time: 00:36:26

Health: -3/78      AC:  4    Str: 26    XL:     8   Next: 40%
Magic:  7/7        EV: 10    Int:  5    God:    Trog [****..]
Gold:   366        SH:  5    Dex:  9    Spells: 7/7 levels left

rFire   . . .      SeeInvis .   t - +6 dire flail (protect)
rCold   . . .      Faith    .   (shield currently unavailable)
rNeg    . . .      Spirit   .   a - +0 animal skin
rPois   .          Reflect  +   (helmet restricted)
rElec   .          Harm     .   (no cloak)
rCorr   +          Rampage  .   (gloves unavailable)
Will    .....                   (boots unavailable)
Stlth   ++........              p - amulet of reflection
HPRegen 1.03/turn               q - ring of resist corrosion
MPRegen 0.10/turn               (no ring)

@: no status effects
A: large, unfitting armour, claws 3, regeneration 1, shaggy fur 1, tough skin 1
a: Renounce Religion, Berserk, Trog's Hand, Brothers in Arms


You were on level 7 of the Dungeon.
You worshipped Trog.
Trog was greatly pleased with you.
You visited 1 branch of the dungeon, and saw 7 of its levels.

You collected 366 gold pieces.

Inventory:

Hand Weapons
 h - a +2 dagger of draining
 n - a +2 dagger of freezing
 s - a +2 whip of draining
 t - a +6 dire flail of protection (weapon)
 v - a +3 dagger of venom
Missiles
 b - 61 stones (quivered)
Armour
 a - a +0 animal skin (worn)
Jewellery
 p - an amulet of reflection (around neck)
 q - a ring of resist corrosion (left claw)
Wands
 y - a wand of polymorph (5)
Scrolls
 c - a scroll of poison {unknown}
 e - a scroll of blinking {unknown}
 g - a scroll of enchant weapon {unknown}
 i - a scroll of fear {unknown}
 k - 3 scrolls of teleportation {unknown}
 r - 3 scrolls of identify {unknown}
 w - a scroll of silence {unknown}
Potions
 d - a potion of might {unknown}
 f - a potion of invisibility {unknown}
 j - 4 potions of attraction {unknown}
 l - a potion of ambrosia {unknown}
 m - 2 potions of mutation {unknown}
 o - a potion of cancellation {unknown}
 u - a potion of berserk rage {unknown}
 x - a potion of magic {unknown}
 z - 2 potions of curing


   Skills:
 + Level 3.8 Fighting
 + Level 4.5 Maces & Flails
 + Level 0.2 Throwing
 + Level 4.4 Dodging
 + Level 1.6 Stealth
 + Level 1.9 Shields
 + Level 6.2 Unarmed Combat


You had 7 spell levels left.
You didn't know any spells.
Your spell library contained the following spells:

 Spells                   Type           Power      Damage    Failure   Level
 Ozocubu's Armour         Ice            0%         N/A       85%         3
 Ozocubu's Refrigeration  Ice            0%         4d7       100%        7


Dungeon Overview and Level Annotations

Branches:
Dungeon (7/15)
 Temple: D:4-7

Altars:
Fedhas
Gozag


Innate Abilities, Weirdness & Mutations

You are too large for most types of armour.
You have claws for hands.
Your natural rate of healing is unusually fast.
You are covered in fur. (AC +1)
You have tough skin. (AC +1)


Message History

You reflect the stone off an invisible shield around you!
The stone closely misses the kobold.
The stone barely misses the gnoll.
The stone hits the adder.
The orc attacks as you move away! You block the orc's attack.
You feel sick.
There is a stone staircase leading down here.
You feel sick. The gnoll hits you with a +0 whip.
* * * LOW HITPOINT WARNING * * *
The orc hits you but does no damage.
You climb downwards.
You hear the roar of battle.
There is an entrance to a bailey on this level.
Hurry and find it before the portal closes forever!
You feel sick.
Found an escape hatch in the ceiling.
Found a stone staircase leading down.
There is a stone staircase leading up here.
You hit the orc.
Your weapon exudes an aura of protection.
The orc is moderately wounded.
You feel sick. The gnoll hits you but does no damage.
The orc hits you but does no damage. The orc barely misses you.
The gnoll hits you but does no damage.
You puncture the orc!
You kill the orc!
Trog accepts your kill.
You feel sick. The gnoll hits you but does no damage.
You bludgeon the gnoll!!
You kill the gnoll!
Trog accepts your kill.
You feel sick.
You start resting.
You feel sick.
A centaur comes into view.
The sentinel's mark upon you fades away.
You feel sick.
You are no longer poisoned.
The centaur wields a +0 shortbow.
The centaur shoots an arrow.
You reflect the arrow off an invisible shield around you!
The arrow barely misses the centaur.
The centaur shoots an arrow.
The arrow barely misses you.
You hear a shout!
The centaur shoots an arrow.
The arrow hits you!
You die...

##### .....
#.... #....###
#.....@#
##...#.# #..
#.# ## #.# #.#
..#####.#######
.......<.......
......)c)......
...............


You could see a centaur.

Vanquished Creatures
  Prince Ribbit (D:5)
  Edmund (D:4)
  A water moccasin (D:5)
  2 ogres
  2 kobold brigands
  A phantom (D:4)
  2 scorpions
  A hound (D:5)
  2 jellies (D:4)
  A gnoll bouda (D:4)
  An orc priest (D:5)
  3 iguanas
  An orc wizard (D:5)
  5 gnolls
  9 adders
  A shadow imp (D:6)
  A white imp (D:6)
  A worm (D:3)
  5 dart slugs
  11 orcs
  6 ball pythons
  4 endoplasms
  3 giant cockroaches (D:2)
  8 goblins
  7 hobgoblins
  5 jackals
  2 quokkas
  2 bats
  A frilled lizard (D:1)
  16 kobolds
  7 rats
113 creatures vanquished.

Notes
Turn   | Place    | Note
-------+----------+-------------------------------------------
     0 | D:1      | Kangaroobicon the Troll Berserker began the quest for the
                  | Orb.
     0 | D:1      | Reached XP level 1. HP: 22/22 MP: 0/0
   124 | D:1      | Reached XP level 2. HP: 29/29 MP: 1/1
   158 | D:1      | Found a faded altar of an unknown god.
   462 | D:1      | Reached ** piety under Trog
   804 | D:2      | Reached XP level 3. HP: 36/36 MP: 2/2
  1348 | D:3      | Found an opulent altar of Gozag.
  1504 | D:3      | Reached skill level 4 in Unarmed Combat
  1504 | D:3      | Reached XP level 4. HP: 44/44 MP: 3/3
  1972 | D:4      | Noticed a scorpion
  2093 | D:4      | Noticed a phantom
  2096 | D:4      | Reached XP level 5. HP: 47/52 MP: 4/4
  2101 | D:4      | Killed a phantom
  2102 | D:4      | Reached skill level 5 in Unarmed Combat
  2211 | D:4      | Reached skill level 1 in Stealth
  2211 | D:4      | Reached XP level 6. HP: 56/61 MP: 5/5
  2309 | D:4      | Noticed Edmund
  2337 | D:4      | Killed Edmund
  2436 | D:4      | Reached *** piety under Trog
  2511 | D:4      | Reached skill level 6 in Unarmed Combat
  2656 | D:4      | Reached skill level 1 in Maces & Flails
  2656 | D:4      | Reached XP level 7. HP: 67/67 MP: 6/6
  2942 | D:5      | Entered Level 5 of the Dungeon
  2944 | D:5      | Noticed Prince Ribbit
  2990 | D:5      | Killed Prince Ribbit
  3013 | D:5      | Reached skill level 1 in Shields
  3037 | D:5      | Reached XP level 8. HP: 70/75 MP: 7/7
  3278 | D:5      | Reached **** piety under Trog
  3293 | D:5      | Found a blossoming altar of Fedhas.
  3662 | D:7      | Shot with an arrow by a centaur

Illustrated notes

Levels and vault maps discovered:
D:1:      elethiomel_arrival_shortcut, layout_basic,
          ebering_ecumenical_altar_rust
D:2:      layout_loops_ring
D:3:      layout_loops_cross, nicolae_gozag_seed_capital,
          ebering_dispersal_statue_hall
D:4:      layout_basic, uniq_edmund
D:5:      layout_basic, kennysheep_mini_moat, uniq_prince_ribbit1
D:6:      layout_cave_pools, mainiacjoe_overflow_boulevard
D:7:      layout_basic, old_standard_altar, nicolae_uskayaw_suspiria,
          lemuel_zombie_altar_kikubaaqudgha, minmay_temple_entry_tees,
          serial_co_window_serial, co_window_paths_b, co_window_corner_a,
          co_window_of_opportunity_a, co_window_paths_b,
          co_window_of_opportunity_a, co_window_corner_ca, co_window_broadway_b,
          co_window_broadway_c, co_window_corner_ca, glass_columns_c,
          glass_columns_b, enter_bailey_5, uniq_duvessa

Skill      XL: |  1  2  3  4  5  6  7  8 |
---------------+-------------------------+-----
Unarmed Combat | 4 5 6 |  6.2
Dodging        | 3 4 |  4.4
Fighting       | 3 |  3.8
Stealth        | 1 |  1.6
Maces & Flails | 1 3 4 |  4.5
Shields        | 1 |  1.9
Throwing       | |  0.2

Action                   |  1- 3 |  4- 6 |  7- 9 || total
-------------------------+-------+-------+-------++-------
Melee: Unarmed           |    72 |    62 |       ||   134
       Punch             |     3 |     2 |       ||     5
       Dire flail        |       |    34 |   161 ||   195
Throw: Stone             |       |       |     4 ||     4
 Stab: Sleeping          |     2 |     2 |     1 ||     5
Armor: Animal skin       |    17 |    18 |    75 ||   110
Dodge: Dodged            |    21 |    50 |    92 ||   163
Block: Other             |       |    15 |    50 ||    65
       Reflection        |       |       |     6 ||     6
